 Dungeon Crawl Stone Soup version 0.30-b1-2-g02819fbbbe (webtiles) character file.

Game seed: 5746061977466876523

472 snakesoul the Magician (level 7, -5/45 HPs)
             Began as a Djinni Hedge Wizard on June 4, 2023.
             Slain by a bullfrog (8 damage)
             ... on level 4 of the Dungeon.
             The game lasted 00:09:22 (3423 turns).

snakesoul the Magician (Djinni Hedge Wizard)        Turns: 3423, Time: 00:09:23

Health: -5/45      AC:  4    Str:  9    XL:     7   Next: 31%
Gold:   206        EV: 12    Int: 18    God:
                   SH:  0    Dex: 12

rFire   + + .        a - +0 dagger
rCold   x . .        (no shield)
rNeg    . . .        b - +0 robe
rPois   ∞            c - +0 hat
rElec   .            s - +0 cloak
rCorr   .            n - +0 pair of gloves
SInv    .            (boots unavailable)
Will    .....        (no amulet)
Stlth   ++           (no ring)
HPRegen 0.27/turn    (no ring)
MPRegen 0.00/turn

%: infuse magic (-6 HP)
@: flying
A: sickness immunity, fire resistance 2, cold vulnerability 1, float, innate
caster, HP casting, extra vitality 1
a: no special abilities


You were on level 4 of the Dungeon.
You visited 1 branch of the dungeon, and saw 4 of its levels.

You collected 206 gold pieces.

Inventory:

Hand Weapons
 a - a +0 dagger (weapon)
Armour
 b - a +0 robe (worn)
 c - a +0 hat (worn)
 n - a +0 pair of gloves (worn)
 s - a +0 cloak (worn)
Jewellery
 g - a ring of see invisible
 j - a +4 ring of slaying
 w - a ring of protection from fire
Scrolls
 f - 6 scrolls of identify {unknown}
 h - 5 scrolls of teleportation {unknown}
 i - 2 scrolls of amnesia {unknown}
 m - a scroll of blinking {unknown}
 o - a scroll of vulnerability {unknown}
 p - a scroll of enchant weapon {unknown}
 q - 2 scrolls of noise {unknown}
 r - a scroll of brand weapon {unknown}
 t - 3 scrolls of poison {unknown}
 v - a scroll of fear {unknown}
 x - a scroll of fog {unknown}
Potions
 d - a potion of flight {unknown}
 e - 3 potions of degeneration {unknown}
 k - 5 potions of might {unknown}
 l - 3 potions of curing {unknown}
 u - a potion of lignification {unknown}


   Skills:
 - Level 2.1 Dodging
 - Level 1.5 Stealth
 + Level 6.0 Spellcasting


You knew the following spells:

 Your Spells              Type           Power      Damage    Failure   Level
a - Magic Dart            Conj           100%       1d8       1%          1
b - Slow                  Hex            100%       N/A       1%          1
c - Blink                 Tloc           54%        N/A       1%          2
d - Call Imp              Summ           54%        N/A       1%          2
e - Mephitic Cloud        Conj/Pois/Air  27%        N/A       3%          3
f - Sting                 Tmut/Pois      100%       1d8       1%          1
g - Momentum Strike       Conj/Tloc      54%        3d9       1%          2
h - Swiftness             Air            27%        N/A       3%          3
Your spell library was empty.

Dungeon Overview and Level Annotations

Branches:
Dungeon (4/15)
 Temple: D:4-7

Altars:
Fedhas
Uskayaw
Wu Jian
Xom

Annotations:
D:4 2 transporters


Innate Abilities, Weirdness & Mutations

You are immune to sickness and miasma.
You are immune to poison.
Your flesh is very heat resistant. (rF++)
You are vulnerable to cold. (rC-)
You float through the air rather than walking.
You learn spells naturally, not from books.
Your magical power is your life essence.
You have superior vitality. (+4 MHP)


Message History

Aim: a sleepcap (almost destroyed, ally target, 100% to hit)
The magic dart hits the sleepcap but does no damage.
The sleepcap is almost destroyed.
The sleepcap releases spores at you.
* * * LOW HITPOINT WARNING * * *
Your cerulean imp hits the sleepcap with a -2 spear.
Casting: Magic Dart (safe; 1% risk of failure)
Confirm with . or Enter, or press ? or * to list all spells.
Aiming: Magic Dart (safe; 1% risk of failure)
Press: ? - help, Shift-Dir - straight line, f/p - sleepcap
Aim: a sleepcap (almost destroyed, ally target, 100% to hit)
The magic dart hits the sleepcap but does no damage.
The sleepcap is almost destroyed.
* * * LOW HITPOINT WARNING * * *
The sleepcap releases spores at you.
* * * LOW HITPOINT WARNING * * *
Your cerulean imp hits the sleepcap with a -2 spear.
Casting: Magic Dart (safe; 1% risk of failure)
Confirm with . or Enter, or press ? or * to list all spells.
Aiming: Magic Dart (safe; 1% risk of failure)
Press: ? - help, Shift-Dir - straight line, f/p - sleepcap
Aim: a sleepcap (almost destroyed, not watching you, ally target, 100% to hit)
The magic dart hits the sleepcap but does no damage.
The sleepcap is almost destroyed.
* * * LOW HITPOINT WARNING * * *
You no longer feel sluggish.
The bullfrog hits you.
* * * LOW HITPOINT WARNING * * *
The sleepcap closely misses you.
Your cerulean imp hits the sleepcap but does no damage.
Casting: Magic Dart (safe; 1% risk of failure)
Confirm with . or Enter, or press ? or * to list all spells.
Aiming: Magic Dart (safe; 1% risk of failure)
Press: ? - help, Shift-Dir - straight line, f/p - sleepcap
Aim: a sleepcap (almost destroyed, ally target, 100% to hit)
The magic dart hits the sleepcap.
You destroy the sleepcap!
* * * LOW HITPOINT WARNING * * *
The bullfrog hits you!
You die...

.........#.#..# #.##.# #...#
.......©......###....# ##...####
...#########...#..#### #.......#
..##8.._..8##.##.## #####....
..#..)!..?.S#.##.# .)##...
..#.#.....#S#.##.# F...#...
..#..#...#.B#.#..## ###5!/..#...
..#©.......z#.#.5.####.'.J[..#...
..#..#...#.5#...@F.....##...##...
..#.#..©..#5#.#.#.##..#.#####....
..#.........#.#.#.#...##.....#...
#.##8.....8##.#.#.#...##...###...
#..#########..#.#.....##...# #...
##.....©......#.###.####.### #...
#.............#...........# #...
#........######.###.####..# #...
#......### #.....# #..# ####


You could see a bullfrog (ally target), a wight, 2 white imps, a giant cockroach
and a friendly cerulean imp (summoned).

Vanquished Creatures
  A hound (D:3)
  A sleepcap (D:4)
  A gnoll (D:1)
  7 adders
  3 dart slugs (D:4)
  3 orcs (D:4)
  10 ball pythons
  3 bats (D:1)
  7 endoplasms
  2 giant cockroaches
  5 goblins
  8 hobgoblins
  2 jackals (D:2)
  5 kobolds
  2 quokkas
  5 frilled lizards
  5 rats
70 creatures vanquished.

Vanquished Creatures (collateral kills)
  Sigmund (D:4)
  An ogre (D:4)
  An orc priest (D:4)
  An adder (D:4)
  A shadow imp (D:4)
5 creatures vanquished.

Grand Total: 75 creatures vanquished

Notes
Turn   | Place    | Note
-------+----------+-------------------------------------------
     0 | D:1      | snakesoul the Djinni Hedge Wizard began the quest for the
                  | Orb.
     0 | D:1      | snakesoul set off with the following spells memorised:
                  | Magic Dart, Slow, Blink, Call Imp, Mephitic Cloud.
     0 | D:1      | Reached XP level 1. HP: 15/15 MP: 0/0
   165 | D:1      | Reached XP level 2. HP: 18/21 MP: 0/0
   328 | D:1      | Reached skill level 3 in Spellcasting
   590 | D:1      | Reached XP level 3. HP: 1/25 MP: 0/0
   590 | D:1      | Learned a level 1 spell: Sting
  1340 | D:2      | Reached XP level 4. HP: 25/31 MP: 0/0
  1890 | D:3      | Reached skill level 4 in Spellcasting
  2195 | D:3      | Found a blossoming altar of Fedhas.
  2480 | D:3      | Reached XP level 5. HP: 25/35 MP: 0/0
  2480 | D:3      | Learned a level 2 spell: Momentum Strike
  2655 | D:4      | Found a shimmering altar of Xom.
  2656 | D:4      | Found a hide-covered altar of Uskayaw.
  2728 | D:4      | Noticed an ogre
  2745 | D:4      | Killed an ogre
  2746 | D:4      | Reached skill level 5 in Spellcasting
  2746 | D:4      | Reached XP level 6. HP: 31/40 MP: 0/0
  2843 | D:4      | Noticed Sigmund
  2888 | D:4      | Killed Sigmund
  2889 | D:4      | Reached XP level 7. HP: 44/45 MP: 0/0
  2889 | D:4      | Learned a level 3 spell: Swiftness
  3247 | D:4      | Reached skill level 6 in Spellcasting
  3332 | D:4      | Found a transporter.
  3335 | D:4      | Noticed a water moccasin
  3342 | D:4      | Found a transporter.
  3350 | D:4      | Found an ornate altar of the Wu Jian Council.
  3423 | D:4      | Slain by a bullfrog

Illustrated notes

Levels and vault maps discovered:
D:1:      noname_arrival_rooms_in_the_neighbourhood, layout_basic,
          minmay_fountain_box, minmay_parallelograms, st_stairs_7
D:2:      layout_rooms, corexii_corridor_pit
D:3:      layout_loops_ring, fedhas_altar_fruit_tree, minmay_misc_feat_iff
D:4:      layout_basic, gammafunk_temple_overflow_arena,
          nicolae_kikubaaqudgha_miasma_corner, nicolae_overflow_squiral,
          grunt_ministairs_7, minmay_joined_circles, uniq_sigmund

Skill      XL: |  1  2  3  4  5  6  7 |
---------------+----------------------+-----
Spellcasting   | 3 4 5 6 |  6.0
Dodging        | |  2.1
Stealth        | |  1.5

Action                     |  1- 3 |  4- 6 |  7- 9 || total
---------------------------+-------+-------+-------++-------
   Cast: Magic Dart        |    72 |    75 |    39 ||   186
         Blink             |     1 |       |       ||     1
         Call Imp          |       |     7 |     2 ||     9
         Mephitic Cloud    |       |     3 |     1 ||     4
         Sting             |       |     2 |       ||     2
         Slow              |       |     2 |       ||     2
         Swiftness         |       |       |     1 ||     1
 Armour: Robe              |     1 |     2 |     4 ||     7
  Dodge: Dodged            |     5 |     8 |     8 ||    21
